 Dungeon Crawl Stone Soup version 0.28.0-1-gb440e238dd (webtiles) character file.

Game seed: 16697667194468612501

290 fknight the Shield-Bearer (level 6, -3/47 HPs)
             Began as a Human Fighter on Feb 20, 2022.
             Was an Initiate of Zin.
             Killed from afar by a kobold (27 damage)
             ... with a bolt of acid
             ... on level 3 of the Dungeon.
             The game lasted 00:10:03 (1920 turns).

fknight the Shield-Bearer (Human Fighter)           Turns: 1920, Time: 00:10:04

Health: -3/47      AC:  8    Str: 16    XL:     6   Next: 58%
Magic:  6/6        EV:  9    Int:  9    God:    Zin [......]
Gold:   63         SH:  5    Dex: 14    Spells: 5/5 levels left

rFire   . . .      SeeInvis .   f - +2 falchion (flame)
rCold   . . .      Faith    .   c - +0 buckler
rNeg    . . .      Spirit   .   b - +0 scale mail
rPois   +          Reflect  .   (no helmet)
rElec   .          Harm     .   (no cloak)
rCorr   .          Rampage  .   i - +0 pair of gloves
Will    .....                   (no boots)
Stlth   ..........              (no amulet)
HPRegen 0.15/turn               e - ring of poison resistance
MPRegen 0.10/turn               (no ring)

@: no status effects
A: no striking features
a: Renounce Religion, Donate Gold


You were on level 3 of the Dungeon.
You worshipped Zin.
Zin was noncommittal.
You visited 1 branch of the dungeon, and saw 3 of its levels.

You collected 70 gold pieces.
You donated 7 gold pieces to Zin.

Inventory:

Hand Weapons
 a - a +0 flail
 f - a +2 falchion of flaming (weapon)
 h - a +2 dagger of holy wrath
 k - a +0 hunting sling
Missiles
 g - 88 stones (quivered)
 j - 16 bolts
Armour
 b - a +0 scale mail (worn)
 c - a +0 buckler (worn)
 i - a +0 pair of gloves (worn)
Jewellery
 e - a ring of poison resistance (left hand)
Scrolls
 m - a scroll of identify
Potions
 d - a potion of flight


   Skills:
 + Level 3.6 Fighting
 + Level 1.0(2.1) Short Blades
 + Level 2.9(3.1) Long Blades
 + Level 2.6 Maces & Flails
 + Level 1.1 Throwing
 + Level 3.7 Armour
 + Level 1.3 Dodging
 + Level 0.6 Stealth
 + Level 3.9 Shields


You had 5 spell levels left.
You didn't know any spells.
Your spell library contained the following spells:

 Spells                   Type           Power      Damage    Failure   Level
 Magic Dart               Conj           0%         1d3       88%         1
 Call Imp                 Summ           0%         N/A       95%         2
 Mephitic Cloud           Conj/Pois/Air  0%         N/A       99%         3


Dungeon Overview and Level Annotations

Branches:
Dungeon (3/15)

Altars:
Zin


Message History

You hit Grinder. You burn Grinder.
Grinder is heavily wounded.
Grinder hits you.
You hit Grinder but do no damage.
Grinder is heavily wounded.
Grinder hits you but does no damage. Grinder closely misses you.
You hit Grinder. You burn Grinder.
Grinder is heavily wounded.
You block Grinder's attack.
You hit Grinder. You burn Grinder.
Grinder is severely wounded.
Grinder says, "Wait up."
Grinder hits you but does no damage.
You hit Grinder. You burn Grinder.
Grinder is almost dead.
Grinder hits you!
* * * LOW HITPOINT WARNING * * *
You writhe in agony.
* * * LOW HITPOINT WARNING * * *
It was a potion of brilliance.
You feel clever all of a sudden. Grinder hits you but does no damage.
You slash Grinder! You burn Grinder.
You kill Grinder!
Zin accepts your kill.
Your base Short Blades skill increases to level 1!
Your base Long Blades skill gained 2 levels and is now at level 2!
Your Throwing skill increases to level 1!
Your Dodging skill increases to level 1!
You have reached level 6!
You start resting.
You feel a little less clever now.
You start resting.
A kobold comes into view.
It is wielding a +0 short sword and carrying a wand of acid (7).
You throw a stone. The kobold shouts!
The stone hits the kobold but does no damage.
The kobold zaps a wand.
The bolt of acid hits you!!
Ouch! That really hurt!
You die...

#g..#...# #.(..(#.#
.#.#...# ..(... ....#
. .(.# #.. #..#
....K##)#######
....?$.()@....#
..###########.#
######.#.#
..#####.....###.#
...........#.# <#
..#.#####..#.##.#..
....................
###........#########.
########.# ..


You could see a kobold.

Vanquished Creatures
  Grinder (D:3)
  Terence (D:2)
  Robin (D:3)
  A dart slug (D:2)
  5 endoplasms
  10 goblins
  3 hobgoblins
  9 jackals
  9 kobolds
  2 quokkas
  3 ball pythons
  3 bats (D:1)
  5 frilled lizards
  3 rats
56 creatures vanquished.

Vanquished Creatures (others)
  14 plants (D:3)
14 creatures vanquished.

Grand Total: 70 creatures vanquished

Notes
Turn   | Place    | Note
-------+----------+-------------------------------------------
     0 | D:1      | fknight the Human Fighter began the quest for the Orb.
     0 | D:1      | Reached XP level 1. HP: 18/18 MP: 1/1
    59 | D:1      | Reached XP level 2. HP: 15/24 MP: 2/2
   564 | D:1      | Reached XP level 3. HP: 29/29 MP: 3/3
   902 | D:2      | Noticed Terence
   922 | D:2      | Killed Terence
   923 | D:2      | Reached XP level 4. HP: 9/35 MP: 4/4
  1458 | D:2      | Found a glowing silver altar of Zin.
  1491 | D:2      | Became a worshipper of Zin the Law-Giver
  1555 | D:2      | Found a faded altar of an unknown god.
  1737 | D:3      | Noticed Robin
  1750 | D:3      | Killed Robin
  1752 | D:3      | Noticed Grinder
  1755 | D:3      | Reached XP level 5. HP: 41/41 MP: 5/5
  1766 | D:3      | Paralysed by Grinder for 2 turns
  1773 | D:3      | HP: 2/41 [Grinder (4)]
  1775 | D:3      | Killed Grinder
  1776 | D:3      | Reached skill level 1 in Short Blades
  1776 | D:3      | Reached skill level 1 in Throwing
  1776 | D:3      | Reached skill level 1 in Dodging
  1776 | D:3      | Reached XP level 6. HP: 2/47 MP: 6/6
  1920 | D:3      | Killed from afar by a kobold

Illustrated notes

Levels and vault maps discovered:
D:1:      minmay_arrival_five_plusses, layout_loops_cross
D:2:      layout_basic, basic_altar, ebering_ecumenical_altar_ruins,
          minmay_misc_feat_room, uniq_terence
D:3:      layout_loops_ring, lemuel_tele_altar, serial_shops,
          nicolae_shop_trees, nicolae_shop_crystal, nicolae_shop_waterfront,
          serial_bayou_pond_d, hangedman_decor_lopped, serial_bayou_lagoon_a,
          minmay_snake_closets, uniq_robin, uniq_grinder

Skill      XL: |  1  2  3  4  5 |
---------------+----------------+-----
Short Blades   | 1 |  1.0
Long Blades    | 2 |  2.9
Throwing       | 1 |  1.1
Dodging        | 1 |  1.3
Fighting       | |  3.6
Maces & Flails | |  2.6
Armour         | |  3.7
Stealth        | |  0.6
Shields        | |  3.9

Action                   |  1- 3 |  4- 6 || total
-------------------------+-------+-------++-------
Melee: Flail             |    38 |       ||    38
       Dagger            |    22 |    35 ||    57
       Falchion          |       |    55 ||    55
Throw: Stone             |    26 |    12 ||    38
  Use: Potion            |     2 |     1 ||     3
       Scroll            |       |     2 ||     2
Armor: Scale mail        |    25 |    33 ||    58
Dodge: Dodged            |    34 |    28 ||    62
Block: Buckler           |    15 |    21 ||    36
